 Dungeon Crawl Stone Soup version bcrawl-1.17.3 (webtiles) character file.

Game seed: 9762663604398212425

175 Chiseanne the Skirmisher (level 5, -1/47 HPs)
             Began as a Mummy Archaeologist on Oct 25, 2019.
             Slain by a phantom (5 damage)
             ... on level 3 of the Dungeon.
             The game lasted 00:05:56 (4240 turns).

Chiseanne the Skirmisher (Mummy Archaeologist)      Turns: 4240, Time: 00:05:56

Health: -1/47      AC:  9    Str: 15    XL:     5   Next: 29%
Magic:  5/5        EV: 10    Int: 14    God:
Gold:   136        SH:  0    Dex: 10    Spells: 4/4 levels left

rFire    x . .     SeeInvis .   a - +1 short sword
rCold    + . .     Gourm    .   (no shield)
rNeg     + + +     Faith    .   r - +0 scale mail
rPois    ∞         Spirit   .   b - +0 helmet
rElec    .         Reflect  .   (no cloak)
rCorr    .         Harm     .   (no gloves)
MR       .....     Clarity  +   d - +1 pair of boots
Stlth    +.........             (no amulet)
HPRegen  0.15/turn              (no ring)
MPRegen  0.09/turn              (no ring)

@: studying Fighting
A: no food or potions, fire vulnerability, clarity, cold resistance 1, negative
energy resistance 3, torment resistance, unbreathing
a: no special abilities


You were on level 3 of the Dungeon.
You were not hungry.

You visited 1 branch of the dungeon, and saw 4 of its levels.

You collected 136 gold pieces.

Inventory:

Hand Weapons
 a - a +1 short sword (weapon)
 j - a cursed +0 blowgun
 l - a +0 hunting sling
Missiles
 c - 12 poisoned needles
 g - 311 sling bullets
 k - 495 arrows
 m - 734 stones (quivered)
 n - 101 javelins
 p - 224 bolts
 s - 125 tomahawks
Armour
 b - a +0 helmet (worn)
 d - a +1 pair of boots (worn)
 r - a +0 scale mail (worn)
Scrolls
 h - a scroll of remove curse
 i - a scroll of immolation
 o - 3 scrolls of identify
 q - a scroll of teleportation
Books
 e - a manual of Fighting
Miscellaneous
 f - an ancient crate


   Skills:
 + Level 6.5 Fighting
   Level 0.7 Maces & Flails
 - Level 3.0 Dodging
 - Level 2.6 Stealth


You had 4 spell levels left.
You didn't know any spells.
Your spell library was empty.

Dungeon Overview and Level Annotations

Branches:
Dungeon (4/12)
 Temple: D:4-7

Altars:
Xom

Annotations:
D:4 Edmund


Innate Abilities, Weirdness & Mutations

You do not eat or drink.
Your flesh is vulnerable to fire.
You are immune to poison.
You possess an exceptional clarity of mind.
Your flesh is cold resistant. (rC+)
You are immune to negative energy. (rN+++)
You are immune to unholy pain and torment.
You can survive without breathing.


Message History

You hit the phantom.
The phantom is severely damaged.
The phantom barely misses you.
You hit the phantom.
The phantom is severely damaged.
The phantom hits you.
* * * LOW HITPOINT WARNING * * *
You barely miss the phantom.
The phantom is severely damaged.
The phantom hits you.
* * * LOW HITPOINT WARNING * * *
You barely miss the phantom.
The phantom is severely damaged.
The phantom hits you but does no damage.
You hit the phantom.
The phantom is almost destroyed.
The phantom hits you!
* * * LOW HITPOINT WARNING * * *
The phantom blinks!
The phantom hits you.
You die...

#.# ###........# #. ##
#.###...♣.♣....######! .#
#.........##.#........ .#
#####.##♣♣♣♣.######### .#
#.#♣♣♣P♣.♣ .# #.♣P.....♣ .#
##...P♣...PP .##
###.W♣P♣......♣ .)##
##...@♣PP♣.P..P♣
...#########......♣♣..♣P^P♣
).....)[..........♣P..P♣♣♣♣
...#########......#♣♣P.♣
...# ###.#...# ♣♣.♣ ...#
#.......# #### #.###...#
#♣♣♣♣♣#.### ♣PPPP♣♣.#


You could see a phantom.

Vanquished Creatures
  A hound (D:3)
  2 adders (D:3)
  4 dart slugs
  2 worms (D:3)
  8 leopard geckos
  14 orcs
  A ball python (D:1)
  3 giant cockroaches
  5 goblins
  5 hobgoblins
  6 jackals
  3 quokkas
  12 bats
  4 frilled lizards
  14 kobolds
  6 rats (D:1)
90 creatures vanquished.

Vanquished Creatures (others)
  2 plants (D:3)
2 creatures vanquished.

Grand Total: 92 creatures vanquished

Notes
Turn   | Place    | Note
-------+----------+-------------------------------------------
     0 | D:1      | Chiseanne the Mummy Archaeologist began the quest for the
                  | Orb.
     0 | D:1      | Reached XP level 1. HP: 15/15 MP: 1/1
   231 | D:1      | Reached XP level 2. HP: 16/21 MP: 2/2
   820 | D:1      | Reached skill level 2 in Fighting
  1113 | D:1      | Reached XP level 3. HP: 24/27 MP: 3/3
  1580 | D:2      | Found a shimmering altar of Xom.
  1620 | D:1      | Reached skill level 3 in Fighting
  1910 | D:2      | Found a shimmering altar of Xom.
  1910 | D:2      | Found a shimmering altar of Xom.
  2361 | D:2      | Reached skill level 4 in Fighting
  2394 | D:2      | Reached XP level 4. HP: 37/37 MP: 4/4
  3210 | D:3      | Reached skill level 5 in Fighting
  3760 | D:3      | Reached XP level 5. HP: 25/46 MP: 5/5
  3764 | D:3      | Noticed a sky beast
  3794 | D:4      | Noticed Edmund
  3811 | D:3      | Reached skill level 6 in Fighting
  4129 | D:3      | Noticed a phantom
  4240 | D:3      | Slain by a phantom

Skill      XL: |  1  2  3  4  5 |
---------------+----------------+-----
Fighting       | 2 4 5 6 |  6.5
Dodging        | 3 |  3.0
Maces & Flails | |  0.7
Stealth        | |  2.6

Action                   |  1- 3 |  4- 6 || total
-------------------------+-------+-------++-------
Melee: Whip              |   146 |       ||   146
       Short sword       |   135 |   265 ||   400
 Fire: Hunting sling     |     1 |     5 ||     6
  Use: Scroll            |     5 |     4 ||     9
 Stab: Sleeping          |     8 |       ||     8
Armor: Robe              |   152 |     5 ||   157
       Scale mail        |       |   112 ||   112
Dodge: Dodged            |   257 |   162 ||   419
